 Dungeon Crawl Stone Soup version 0.17-a0-119-g2b06fc5 (console) character file.

181262 MrRokkomies the Bewitcher (level 17, 0/131 HPs)
             Began as a Vampire Enchanter on Mar 20, 2015.
             Was the Champion of Dithmenos.
             Slain by a swamp dragon (5 damage)
             ... on level 5 of the Swamp on Mar 21, 2015.
             The game lasted 03:04:32 (35876 turns).

MrRokkomies the Bewitcher (Vampire Enchanter)      Turns: 35876, Time: 03:04:32

Health: 0/131      AC: 13    Str: 12    XL:     17   Next: 33%
Magic:  42/42      EV: 17    Int: 22    God:    Dithmenos [******]
Gold:   1242       SH:  0    Dex: 11    Spells: 9 memorised, 5 levels left

rFire  + . .     SeeInvis +     a - +5 quick blades {pierce, Dex-3}
rCold  + + +     Clarity  .     e - +3 leather armour {rF+}
rNeg   + + +     SustAb   .     (no shield)
rPois  +         Gourm    .     B - +0 hat "Cuizadowui" {rC+ Str+5}
rElec  +         Spirit   .     v - +2 cloak {+Inv}
rCorr  .         Warding  .     L - +1 pair of gloves
rMut   .         Stasis   .     U - +0 pair of boots
MR     +....                    W - amulet of Schivveog {Faith rElec MP+9 Slay+2}
Stlth  +++++++++.               X - +4 ring of slaying
                                f - +1 ring of slaying

@: about to teleport, regenerating slowly, wreathed by umbra, somewhat resistant
to hostile enchantments, incredibly stealthy
A: bottle blood, fangs 3, see invisible, unbreathing
a: Bat Form, Shadow Step, Shadow Form, Renounce Religion, Evoke Invisibility
}: 1/15 runes: decaying


You were on level 5 of the Swamp.
You worshipped Dithmenos.
Dithmenos was exalted by your worship.
You were near bloodless.

You visited 4 branches of the dungeon, and saw 32 of its levels.
You visited the Abyss 1 time.
You also visited: Sewer and Ice Cave.

You collected 3674 gold pieces.
You spent 2432 gold pieces at shops.

Inventory:

Hand weapons
 a - the +5 quick blades "Gyre" and "Gimble" (weapon) {pierce, Dex-3}
   (You found it on level 4 of the Swamp)

   It inflicts extra damage upon your enemies.
   It affects your dexterity (-3).
 b - a +0 blowgun
 I - a +4 rapier of electrocution
Missiles
 i - 51 poisoned needles
 V - 4 curare-tipped needles
Armour
 e - a +3 leather armour of fire resistance (worn)
 q - a swamp dragon hide
 v - a +2 cloak of invisibility (worn)
 B - the +0 hat "Cuizadowui" (worn) {rC+ Str+5}
   (You found it on level 8 of the Dungeon)

   It affects your strength (+5).
   It protects you from cold.
 L - a +1 pair of gloves (worn)
 U - a +0 pair of boots (worn)
Rods
 J - a +1 lightning rod (11/11)
   (You bought it in a shop on level 4 of the Orcish Mines)
Jewellery
 c - an uncursed ring of ice
 f - a +1 ring of slaying (left hand)
 g - an uncursed ring of teleportation
 s - an uncursed ring of protection from magic
 C - an uncursed ring of protection from magic
 M - an uncursed ring of teleport control
 Q - an uncursed amulet of warding
 R - the ring of Midnight {+Inv +Fly}
   (You found it on level 15 of the Dungeon)

   [ring of flight]

   It lets you turn invisible.
   It lets you fly.
 S - an uncursed ring of fire
 W - the amulet of Schivveog (around neck) {Faith rElec MP+9 Slay+2}
   (You bought it in a shop on level 4 of the Dungeon)

   [amulet of faith]

   It allows you to gain divine favour quickly.
   It affects your accuracy and damage with ranged weapons and melee attacks
   (+2).
   It insulates you from electricity.
   It affects your magic capacity (+9).
 X - a +4 ring of slaying (right hand)
Magical devices
 d - a wand of hasting (4)
 w - a wand of cold (10)
 y - a wand of disintegration (13)
 Y - a wand of heal wounds (5)
Scrolls
 j - a scroll of magic mapping
 o - 4 scrolls of blinking
 p - 2 scrolls of fear
 r - 3 scrolls of recharging
 t - 8 scrolls of teleportation
 A - 6 scrolls of remove curse
 E - a scroll of identify
 G - 3 scrolls of fog
Potions
 h - 2 potions of cancellation
 k - 17 potions of curing
 l - 3 potions of magic
 m - 7 potions of might
 n - 5 potions of haste
 u - a potion of resistance
 x - 2 potions of brilliance
 F - 5 potions of agility
Miscellaneous
 z - a legendary deck of escape {drawn: 1}
 D - a disc of storms


   Skills:
 * Level 11.0 Fighting
 - Level 12.1 Short Blades
 - Level 5.0 Armour
 - Level 12.0 Dodging
 - Level 10.0 Stealth
 - Level 9.0 Spellcasting
 - Level 15.0 Hexes
 - Level 5.0 Charms
 * Level 11.8 Summonings
 - Level 4.2 Translocations
 - Level 10.0 Ice Magic
 - Level 11.0 Evocations


You had 5 spell levels left.
You knew the following spells:

 Your Spells              Type           Power        Failure   Level  Hunger
a - Monstrous Menagerie   Summ           ######....   12%         6    ######.
b - Ensorcelled Hibernat  Hex/Ice        ######       1%          2    None
c - Confuse               Hex            ######..     1%          3    None
d - Summon Butterflies    Summ           ######..     1%          1    None
e - Animate Skeleton      Necr           N/A          12%         1    None
f - Mass Confusion        Hex            ######....   2%          6    ######.
g - Ozocubu's Armour      Chrm/Ice       #####...     1%          3    None
h - Summon Mana Viper     Hex/Summ       ######..     1%          5    #####..
i - Blink                 Tloc           N/A          2%          2    None


Dungeon Overview and Level Annotations

Branches:
Dungeon (15/15)            Temple (0/1) D:5            Lair (8/8) D:10
  Swamp (5/5) Lair:4        Snake (0/5) Lair:6        Slime (0/6) Lair:8
    Orc (4/4) D:10            Elf (0/3) Orc:4        Vaults (0/5) D:13
 Depths (0/5) D:15

Altars:
Ashenzari
Cheibriados
Dithmenos
Fedhas
Gozag
Kikubaaqudgha
Makhleb
Nemelex Xobeh
Okawaru
Trog
Zin
The Shining One

Shops:
D:4 =   D:8 %!(   D:13 (   D:15 !:[   Orc:4 }!*%

Portals:
Hell: Lair:8
Trove: D:12 (give 19 potions of curing)


Innate Abilities, Weirdness & Mutations

You heal slowly.
You can bottle blood from corpses.
You have razor-sharp teeth.
You have supernaturally acute eyesight.
You can survive without breathing.


Message History

Unknown command.
Drink which item? (? for menu, Esc to quit)
You are confused.
You feel invigorated. The swamp dragon misses you. The swamp dragon claws you.
* * * LOW HITPOINT WARNING * * *
The swamp dragon tramples you but does no damage.
Drink which item? (? for menu, Esc to quit)
You feel better.
You feel less invigorated. The swamp dragon bites you!!
* * * LOW HITPOINT WARNING * * *
The swamp dragon completely misses you. The swamp dragon closely misses you.
A six-headed hydra comes into view.
Read which item? (? for menu, Esc to quit)
As you read the scroll of teleportation, it crumbles to dust.
You feel strangely unstable. The swamp dragon bites you!
* * * LOW HITPOINT WARNING * * *
The swamp dragon claws you!
* * * LOW HITPOINT WARNING * * *
The swamp dragon tramples you.
You die...

#≈.≈#..#≈7≈.≈.≈.≈..#≈#...
7.≈≈#.#.≈≈#≈#...#≈#≈≈.#Z#
#≈≈≈##≈≈≈7.≈≈#≈#.≈≈#≈#≈##
#≈.≈≈≈≈≈≈≈..≈≈.≈≈≈.§≈≈##
#≈≈#.#.≈†%§.≈#≈#..≈#≈##
#.7§#.#≈#..≈#≈#≈#≈#.#7
#.≈≈.≈≈.##†≈≈≈≈≈≈≈≈#7
7≈..##≈≈.#≈≈###≈≈≈##
#.≈##.#≈≈≈#≈#..#≈##
#≈.7...#§#≈≈#...## #.
#..##@§#≈≈#.# #
##7#D§#§≈≈§#
2D≈§≈§2§#≈≈## 7.D§≈..≈≈##
##7###77##


You could see a six-headed hydra (wandering), a green death and a swamp dragon.

Vanquished Creatures
  Asterion (Swamp:1)
  Rupert (Lair:4)
  A sphinx (D:15)
  A thorn hunter (Swamp:4)
  Kirke (Swamp:1)
  A frost giant (D:15)
  Maud (Swamp:1)
  Aizul (Swamp:4)
  3 very ugly things
  Snorg (Swamp:2)
  The ghost of nataq the Cleaver, a powerful DsGl of Cheibriados (D:14)
  A green death (Swamp:5)
  A fire dragon (D:15)
  4 vault guards (D:15)
  Fannar (D:13)
  An ogre mage (D:15)
  2 great orbs of eyes (D:15)
  2 rakshasas (D:15)
  3 yaktaur captains (D:15)
  13 hydras
  2 ghost crabs (Swamp:4)
  Erica (Lair:4)
  5 centaur warriors
  The ghost of Ngotmuk the Blocker, an experienced DDFi of Elyvilon (D:8)
  A tengu warrior (D:14)
  5 death yaks (Lair:4)
  4 alligators
  A hell hog (Abyss:1)
  An orc high priest (Orc:2)
  A sun demon (Lair:8)
  2 deep trolls (Orc:4)
  2 spriggans (Swamp:4)
  Nergalle (D:10)
  10 skeletal warriors (D:15)
  2 deep elf knights
  2 spriggan druids (Swamp:4)
  7 cyclopes
  2 swamp dragons
  3 unseen horrors
  2 wizards
  A shambling mangrove (Swamp:4)
  A harpy (shapeshifter) (D:15)
  A harpy (D:15)
  6 hill giants
  3 orc knights
  A griffon (Lair:6)
  A sixfirhy (Lair:8)
  A hornet (Swamp:1)
  4 manticores
  12 ugly things
  6 centaur zombies
  Maurice (D:13)
  4 elephants (Lair:6)
  2 gargoyles
  A queen ant (Lair:8)
  5 black mambas
  3 orange demons (Lair:8)
  23 spiny frogs
  4 fire drakes
  2 deep elf priests
  A hellwing (Lair:8)
  2 red devils (Lair:8)
  4 yaktaurs (D:13)
  16 trolls
  A wandering mushroom (Lair:8)
  6 komodo dragons
  2 tengu conjurers (D:14)
  3 blue devils (Lair:8)
  2 efreet
  4 giant leeches
  A polar bear (Lair:6)
  5 two-headed ogres (Orc:4)
  25 slime creatures
  A hornet zombie (D:15)
  14 blink frogs
  7 ravens
  A centaur simulacrum (D:15)
  3 deep elf magi
  3 baby alligators (Swamp:3)
  8 bog bodies
  3 shadows
  61 yaks
  A basilisk (D:14)
  5 wyverns
  The ghost of Ngotmuk the Skirmisher, an average MiFi (D:4)
  3 mottled dragons
  Grum (D:13)
  A deep elf fighter (D:13)
  18 vampire mosquitoes
  A warg (Orc:2)
  10 hippogriffs
  3 hungry ghosts
  3 insubstantial wisps (Swamp:5)
  22 wolves
  19 water moccasins
  2 large abominations (Swamp:5)
  16 swamp worms
  A hell hound (Lair:8)
  2 swamp drakes
  2 black bears
  12 soldier ants
  17 orc warriors
  16 porcupines
  2 wasps
  2 eyes of draining
  3 sky beasts
  9 ice beasts
  24 centaurs
  22 ogres
  2 boring beetles
  2 brain worms (D:15)
  A necrophage (D:11)
  20 crocodiles
  13 big kobolds
  A wyvern zombie (D:6)
  Blork the orc (D:7)
  29 giant frogs
  A gnoll sergeant (D:7)
  2 wyvern skeletons
  6 scorpions
  13 jellies
  2 electric eels
  6 wights
  A yak skeleton (Lair:8)
  5 goliath beetles
  10 crimson imps
  3 giant frog zombies
  4 quasits
  Crazy Yiuf (D:5)
  23 orc priests
  11 hounds
  6 centaur skeletons
  2 giant frog skeletons (D:13)
  6 iguanas
  27 orc wizards
  A hell rat (D:10)
  25 worker ants
  Natasha (twice) (D:4)
  16 sheep
  A mummy (D:13)
  6 gnolls
  26 adders
  34 river rats
  7 shadow imps
  12 white imps (Lair:1)
  2 worms
  2 giant eyeballs (D:15)
  An adder skeleton (D:8)
  An adder zombie (D:8)
  3 giant geckos
  11 oozes
  148 orcs
  14 bats
  A bat skeleton (D:5)
  2 bat zombies
  10 goblins
  24 hobgoblins
  9 jackals
  10 ball pythons
  6 giant cockroaches
  A giant gecko skeleton (D:4)
  6 giant newts
  A giant spore (D:12)
  29 kobolds
  13 quokkas
  41 rats
  A rat zombie (D:5)
  9 ballistomycetes
1242 creatures vanquished.

Vanquished Creatures (collateral kills)
  Nikola (Swamp:1)
  A tentacled monstrosity (Swamp:5)
  A thorn hunter (Swamp:3)
  Roxanne (Swamp:1)
  2 ogre magi (Orc:4)
  A centaur warrior (D:15)
  2 alligators
  A necromancer (D:15)
  A hornet (Swamp:3)
  A griffon (Lair:8)
  An ugly thing (Swamp:5)
  A black mamba (Lair:7)
  2 orange demons
  2 fire drakes (Lair:8)
  A spiny frog (Swamp:5)
  An elf (shapeshifter) (D:15)
  2 giant leeches
  A polar bear (Lair:6)
  3 bog bodies
  3 trolls (Orc:4)
  2 slime creatures (Swamp:5)
  A two-headed ogre (Orc:4)
  A wraith (D:15)
  A shadow (Swamp:5)
  A hog (Swamp:1)
  10 yaks
  A wolf (Lair:6)
  An insubstantial wisp (Swamp:5)
  2 water moccasins
  2 swamp worms
  2 porcupines (Lair:7)
  A swamp drake (Swamp:4)
  4 crocodiles (Lair:7)
  3 big kobolds (D:12)
  A worker ant (Lair:8)
  2 sheep (Lair:8)
  An adder (Sewer)
  2 orcs (Orc:4)
  5 ball pythons (Sewer)
  A giant newt (Sewer)
  A goblin (Orc:4)
74 creatures vanquished.

Vanquished Creatures (others)
  The ghost of Ngotmuk the Basher, a powerful HuFi of Cheibriados (D:11)
  A hill giant (D:12)
  A harpy (Swamp:5)
  5 mana vipers (Swamp:1)
  5 hydra skeletons
  A hill giant skeleton (D:11)
  A wolf (Lair:1)
  A human (D:6)
  A crocodile (Lair:8)
  2 centaurs (D:11)
  An orc wizard (D:14)
  A hobgoblin (D:6)
  A giant spore (D:6)
  3 fungi (Lair:8)
  A plant (Lair:8)
26 creatures vanquished.

Grand Total: 1342 creatures vanquished

Notes
Turn   | Place    | Note
--------------------------------------------------------------
     0 | D:1      | MrRokkomies, the Vampire Enchanter, began the quest for the Orb.
     0 | D:1      | Reached XP level 1. HP: 13/13 MP: 3/3
   259 | D:1      | Reached XP level 2. HP: 11/19 MP: 4/4
   373 | D:1      | Learned a level 2 spell: Ensorcelled Hibernation
   399 | D:1      | Reached skill level 5 in Hexes
   908 | D:2      | Reached XP level 3. HP: 21/24 MP: 1/6
  1001 | D:2      | Found a glowing silver altar of Zin.
  1002 | D:2      | Found a shadowy altar of Dithmenos.
  1015 | D:2      | Became a worshipper of Dithmenos the Shadowed
  1456 | D:2      | Found a glowing golden altar of the Shining One.
  1580 | D:2      | Learned a level 3 spell: Confuse
  1656 | D:3      | Reached XP level 4. HP: 30/30 MP: 7/7
  1659 | D:3      | Reached skill level 6 in Hexes
  2197 | D:3      | Reached XP level 5. HP: 22/35 MP: 9/9
  2452 | D:4      | Reached skill level 7 in Hexes
  2720 | D:4      | Noticed Ngotmuk's ghost (average MiFi)
  2723 | D:4      | Found Dinaser's Jewellery Emporium.
  2831 | D:4      | Killed Ngotmuk's ghost
  2831 | D:4      | Reached skill level 5 in Short Blades
  2831 | D:4      | Reached skill level 8 in Hexes
  2831 | D:4      | Reached XP level 6. HP: 19/41 MP: 4/10
  3025 | D:4      | Noticed an ogre
  3026 | D:4      | Killed an ogre
  3130 | D:4      | Reached XP level 7. HP: 43/46 MP: 12/12
  3336 | D:4      | Noticed Natasha
  3347 | D:4      | Killed Natasha
  3447 | D:4      | Noticed Natasha
  3455 | D:4      | Killed Natasha
  3614 | D:4      | Learned a level 4 spell: Enslavement
  3638 | D:5      | Entered Level 5 of the Dungeon
  3755 | D:5      | Reached skill level 9 in Hexes
  3924 | D:5      | Found a staircase to the Ecumenical Temple.
  3937 | D:5      | Found a bloodstained altar of Trog.
  3937 | D:5      | Found a blossoming altar of Fedhas.
  3938 | D:5      | Found an ancient bone altar of Kikubaaqudgha.
  3941 | D:5      | Found an iron altar of Okawaru.
  3942 | D:5      | Acquired Dithmenos' first power
  3984 | D:5      | Found a sparkling altar of Nemelex Xobeh.
  3988 | D:5      | Found an opulent altar of Gozag.
  4086 | D:5      | Noticed Crazy Yiuf
  4092 | D:5      | Killed Crazy Yiuf
  4231 | D:6      | Reached skill level 10 in Hexes
  4251 | D:6      | Reached XP level 8. HP: 52/52 MP: 2/13
  4268 | D:6      | Reached skill level 1 in Evocations
  4514 | D:6      | Found a glowing drain.
  4518 | Sewer    | Entered a sewer
  4808 | Sewer    | Acquired Dithmenos' second power
  5694 | D:6      | Found an ancient bone altar of Kikubaaqudgha.
  5695 | D:6      | Noticed a human
  5697 | D:6      | Killed a human
  6040 | D:7      | Reached XP level 9. HP: 57/57 MP: 4/16
  6323 | D:7      | Reached skill level 5 in Evocations
  6334 | D:7      | Noticed Blork the orc
  6336 | D:7      | Killed Blork the orc
  6423 | D:7      | Acquired Dithmenos' third power
  6497 | D:7      | Learned a level 1 spell: Summon Butterflies
  7018 | D:8      | Noticed Ngotmuk's ghost (experienced DDFi)
  7045 | D:8      | Killed Ngotmuk's ghost
  7045 | D:8      | Reached skill level 10 in Short Blades
  7165 | D:8      | Found Kledweg's Antique Weapon Shop.
  7173 | D:8      | Bought an encrusted short sword for 208 gold pieces
  7175 | D:8      | Bought a glowing short sword for 78 gold pieces
  7175 | D:8      | Bought a glowing long sword for 91 gold pieces
  7266 | D:8      | Reached skill level 1 in Fighting
  7398 | D:8      | Got a crude hat
  7409 | D:8      | Identified the cursed +0 hat "Cuizadowui" {rC+ Str+5} (You found it on level 8 of the Dungeon)
  7495 | D:8      | Found Yvofix's Distillery.
  7498 | D:8      | Bought a potion of poison for 10 gold pieces
  7503 | D:8      | Found Cuara's Food Emporium.
  8080 | D:9      | Reached XP level 10. HP: 67/70 MP: 20/20
  9029 | D:10     | Entered Level 10 of the Dungeon
  9031 | D:10     | Found a staircase to the Lair.
  9073 | D:10     | Acquired Dithmenos' fourth power
  9079 | D:10     | Reached skill level 5 in Fighting
  9347 | D:10     | Found a snail-covered altar of Cheibriados.
  9433 | D:10     | Reached skill level 5 in Dodging
  9500 | D:10     | Noticed Nergalle
  9576 | D:10     | Killed Nergalle
  9720 | D:10     | Found a staircase to the Orcish Mines.
  9988 | D:10     | Reached XP level 11. HP: 46/83 MP: 11/22
 10355 | D:10     | Learned a level 1 spell: Animate Skeleton
 10448 | Lair:1   | Entered Level 1 of the Lair of Beasts
 10509 | Lair:1   | Found a frozen archway.
 10647 | IceCv    | Entered an ice cave
 11055 | IceCv    | Noticed an ice statue
 11055 | IceCv    | Noticed an ice statue
 12282 | Lair:2   | Reached skill level 5 in Stealth
 13175 | Lair:3   | Reached XP level 12. HP: 91/96 MP: 13/23
 13748 | Lair:4   | Reached skill level 10 in Stealth
 13817 | Lair:4   | Reached skill level 10 in Fighting
 13819 | Lair:4   | Reached skill level 1 in Summonings
 14112 | Lair:4   | Learned a level 6 spell: Mass Confusion
 14388 | Lair:4   | Found a staircase to the Swamp.
 14510 | Lair:4   | Noticed Erica
 14514 | Lair:4   | Noticed Rupert
 14517 | Lair:4   | Killed Erica
 14523 | Lair:4   | Killed Rupert
 14523 | Lair:4   | Reached skill level 5 in Spellcasting
 14523 | Lair:4   | Reached skill level 5 in Summonings
 15381 | Lair:5   | Learned a level 3 spell: Ozocubu's Armour
 15694 | Lair:5   | Reached XP level 13. HP: 81/103 MP: 27/27
 15982 | Lair:5   | Noticed a five-headed hydra
 15985 | Lair:5   | Killed a five-headed hydra
 17170 | Lair:6   | Found a staircase to the Snake Pit.
 17603 | D:4      | Bought the amulet of Schivveog {Faith rElec MP+9 Slay+2} for 624 gold pieces
 17836 | Lair:1   | Learned a level 5 spell: Summon Mana Viper
 18181 | Lair:7   | Reached skill level 11 in Hexes
 18772 | Lair:7   | Reached skill level 12 in Hexes
 19038 | Lair:8   | Entered Level 8 of the Lair of Beasts
 19272 | Lair:8   | Reached skill level 13 in Hexes
 19480 | Lair:8   | Reached skill level 10 in Summonings
 19528 | Lair:8   | Reached skill level 1 in Charms
 19634 | Lair:8   | Reached XP level 14. HP: 65/110 MP: 29/29
 19660 | Lair:8   | Found a staircase to the Slime Pits.
 19916 | Lair:8   | Learned a level 2 spell: Blink
 20126 | Lair:8   | Found a burning altar of Makhleb.
 20127 | Lair:8   | Found a gateway to Hell.
 20131 | Lair:8   | Reached skill level 14 in Hexes
 20967 | Lair:8   | Reached skill level 5 in Charms
 21273 | Orc:1    | Entered Level 1 of the Orcish Mines
 21539 | Orc:1    | You fall through a shaft!
 21547 | Orc:2    | Reached skill level 1 in Ice Magic
 22932 | Orc:4    | Entered Level 4 of the Orcish Mines
 23145 | Orc:4    | Reached skill level 15 in Hexes
 23177 | Orc:4    | Cast into the Abyss (an ogre mage)
 23351 | Orc:4    | Escaped the Abyss
 23400 | Orc:4    | Found Yteoxkae's Food Shop.
 23598 | Orc:4    | Reached skill level 5 in Ice Magic
 23641 | Orc:4    | Found Bloifef's Distillery.
 23695 | Orc:4    | Found Crawuiv's Gadget Shoppe.
 23705 | Orc:4    | Found Shryke's Assorted Antiques.
 23714 | Orc:4    | Bought an encrusted wooden wand for 108 gold pieces
 23714 | Orc:4    | Bought a metallic blue potion for 24 gold pieces
 23947 | Orc:4    | Found a staircase to the Elven Halls.
 24134 | Orc:4    | Bought a disc of storms for 200 gold pieces
 24134 | Orc:4    | Bought a wand of lightning (9) for 130 gold pieces
 24134 | Orc:4    | Bought a +0 lightning rod (9/9) for 700 gold pieces
 24334 | D:11     | Reached skill level 1 in Armour
 24336 | D:11     | Reached skill level 10 in Dodging
 24679 | D:11     | Killed Ngotmuk's ghost
 24783 | D:11     | Found a burning altar of Makhleb.
 25424 | D:12     | Found a portal to a secret trove of treasure.
 25866 | D:12     | Reached XP level 15. HP: 115/115 MP: 29/29
 26384 | D:13     | Found a shattered altar of Ashenzari.
 26384 | D:13     | Noticed Grum
 26411 | D:13     | Killed Grum
 26422 | D:13     | Noticed Maurice
 26424 | D:13     | Killed Maurice
 26659 | D:13     | Found a gate to the Vaults.
 26770 | D:13     | Reached skill level 5 in Armour
 26973 | D:13     | Noticed Fannar
 27007 | D:13     | Killed Fannar
 27059 | D:13     | Found Ocavvoth's Antique Weapon Shoppe.
 27067 | D:13     | Bought a glowing great sword for 175 gold pieces
 27290 | D:14     | Reached skill level 1 in Translocations
 27471 | D:14     | Noticed nataq's ghost (powerful DsGl)
 27482 | D:14     | Killed nataq's ghost
 28401 | D:15     | Entered Level 15 of the Dungeon
 28439 | D:15     | Found Shrab's Distillery.
 28529 | D:15     | Paralysed by a giant eyeball for 2 turns
 28532 | D:15     | Paralysed by a giant eyeball for 4 turns
 28549 | D:15     | Found Bryub's Book Shop.
 28703 | D:15     | Found Vemuqiodu's Antique Armour Shop.
 28713 | D:15     | Bought a glowing robe for 17 gold pieces
 28713 | D:15     | Bought a dyed leather armour for 50 gold pieces
 28713 | D:15     | Bought a glowing robe for 17 gold pieces
 28822 | D:15     | Reached skill level 10 in Evocations
 28943 | D:15     | Got a pitted granite ring
 28947 | D:15     | Identified the ring "Opsuta" {-Tele rElec rF- Str+2 SInv} (You found it on level 15 of the Dungeon)
 29042 | D:15     | Noticed a sphinx
 29055 | D:15     | Killed a sphinx
 29055 | D:15     | Reached XP level 16. HP: 100/122 MP: 22/30
 29118 | D:15     | Got a glittering iron ring
 29123 | D:15     | Identified the ring of Midnight {+Inv +Fly} (You found it on level 15 of the Dungeon)
 29133 | D:15     | Found a staircase to the Depths.
 29249 | D:15     | Got a transparent silver ring
 29251 | D:15     | Identified the ring "Smypha" {+Inv rC+} (You found it on level 15 of the Dungeon)
 29939 | Lair:1   | Learned a level 6 spell: Monstrous Menagerie
 30083 | Swamp:1  | Entered Level 1 of the Swamp
 30083 | Swamp:1  | Noticed Maud
 30085 | Swamp:1  | Killed Maud
 30099 | Swamp:1  | Noticed Roxanne
 30129 | Swamp:1  | Killed Roxanne
 30131 | Swamp:1  | Identified Roxanne's Guide on the Unstable Mountains (You took it off Roxanne on level 1 of the Swamp)
 30181 | Swamp:1  | Noticed Asterion
 30183 | Swamp:1  | Killed Asterion
 30238 | Swamp:1  | Noticed Nikola
 30248 | Swamp:1  | Killed Nikola
 30927 | Swamp:1  | Noticed Kirke
 30943 | Swamp:1  | Killed Kirke
 31674 | Swamp:2  | Noticed Snorg
 31676 | Swamp:2  | Killed Snorg
 32342 | Swamp:3  | Reached skill level 10 in Ice Magic
 34599 | Swamp:4  | Noticed Aizul
 34604 | Swamp:4  | Killed Aizul
 34719 | Swamp:4  | Reached XP level 17. HP: 61/128 MP: 33/33
 35518 | Swamp:5  | Entered Level 5 of the Swamp
 35802 | Swamp:5  | Noticed a tentacled monstrosity
 35806 | Swamp:5  | Killed a tentacled monstrosity
 35818 | Swamp:5  | Got a decaying rune of Zot
 35876 | Swamp:5  | HP: 5/131 [swamp dragon (9)]
 35876 | Swamp:5  | Slain by a swamp dragon

Action                   |  1- 3 |  4- 6 |  7- 9 | 10-12 | 13-15 | 16-18 || total
-------------------------+-------+-------+-------+-------+-------+-------++-------
Melee: Dagger            |   124 |   138 |   693 |  1223 |  1846 |   124 ||  4148
       Short sword       |       |       |    53 |     3 |    61 |     9 ||   126
       Rapier            |       |       |       |       |       |   268 ||   268
       Quick blades      |       |       |       |       |       |   115 ||   115
       Demon blade       |       |       |       |       |       |     4 ||     4
 Cast: Ensorcelled Hiber |     1 |    14 |    55 |    47 |    78 |    27 ||   222
       Confuse           |       |     5 |     3 |    10 |    51 |    17 ||    86
       Enslavement       |       |       |     1 |     2 |     6 |       ||     9
       Mass Confusion    |       |       |       |     1 |    12 |     5 ||    18
       Animate Skeleton  |       |       |       |       |    11 |     5 ||    16
       Ozocubu's Armour  |       |       |       |       |     1 |     6 ||     7
       Blink             |       |       |       |       |     1 |       ||     1
       Summon Mana Viper |       |       |       |       |       |    10 ||    10
       Monstrous Menager |       |       |       |       |       |     4 ||     4
Invok: Shadow Step       |       |       |       |       |     9 |    12 ||    21
 Abil: Evoke Invisibilit |       |       |       |     5 |    10 |     2 ||    17
       Evoke Teleportati |       |       |       |       |     1 |       ||     1
Evoke: Wand              |       |       |       |     1 |       |     2 ||     3
       Deck              |       |       |       |       |       |     1 ||     1
  Use: Scroll            |     4 |     5 |    17 |     6 |    13 |     9 ||    54
       Potion            |     2 |       |     2 |     4 |     4 |     5 ||    17
 Stab: Sleeping          |     6 |    17 |    46 |    86 |   198 |    51 ||   404
       Distracted        |     1 |     1 |     2 |     5 |     8 |     8 ||    25
       Confused          |       |     2 |     4 |     5 |    20 |     7 ||    38
       Invisible         |       |       |       |     5 |    29 |     8 ||    42
  Eat: Corpse            |     1 |     2 |     8 |    14 |    20 |     9 ||    54
